 Dungeon Crawl Stone Soup version 0.31-a0-187-gba352fbbf7 (webtiles) character file.

Game seed: 8338073352352683380

44 qw the Shooter (level 3, -12/20 HPs)
             Began as a Deep Elf Hunter on June 22, 2023.
             Killed by nerve-wracking pain
             ... invoked by Jessica
              (14 damage)
             ... on level 2 of the Dungeon.
             The game lasted 00:00:17 (530 turns).

qw the Shooter (Deep Elf Hunter)                     Turns: 530, Time: 00:00:18

Health: -12/20     AC:  7    Str: 10    XL:     3   Next: 39%
Magic:  5/5        EV: 12    Int: 13    God:
Gold:   23         SH:  0    Dex: 18    Spells: 2/2 levels left

rFire   . . .        Y - +0 shortbow
rCold   . . .        (shield currently unavailable)
rNeg    . . .        c - +0 leather armour
rPois   .            (no helmet)
rElec   .            (no cloak)
rCorr   .            f - +2 pair of gloves
SInv    +            j - +0 pair of boots
Will    .....        (no amulet)
Stlth   ++           g - ring of see invisible
HPRegen 0.23/turn    (no ring)
MPRegen 0.09/turn

%: no passive effects
@: about to teleport, slowed, very slow
A: no striking features
a: no special abilities


You were on level 2 of the Dungeon.
You visited 1 branch of the dungeon, and saw 2 of its levels.

You collected 23 gold pieces.


   Skills:
 - Level 1.5 Fighting
 + Level 7.0 Ranged Weapons
 - Level 2.4 Dodging
 - Level 1.2 Stealth


You had 2 spell levels left.
You didn't know any spells.
Your spell library was empty.

Inventory:

Hand Weapons
 Y - a +0 shortbow (weapon)
Armour
 c - a +0 leather armour (worn)
 f - a +2 pair of gloves (worn)
 j - a +0 pair of boots (worn)
Jewellery
 g - a ring of see invisible (left hand)
Scrolls
 a - 2 scrolls of identify

Dungeon Overview and Level Annotations

Branches:
Dungeon (2/15)

Altars:

Annotations:
D:2 Jessica


Message History

The adder bites you.
You shoot an arrow. The arrow misses the adder.
The arrow hits the rat.
The rat is heavily wounded.
The adder closely misses you. The hobgoblin barely misses you.
Jessica says, "I'm really upset."
The adder bites you.
You shoot an arrow. The arrow misses the adder.
The adder completely misses you.
The hobgoblin hits you but does no damage.
You shoot an arrow. The arrow barely misses the adder.
The adder bites you.
You are poisoned.
The adder poisons you! The hobgoblin hits you.
Jessica mumbles some strange words.
Jessica seems to speed up.
You shoot an arrow. The arrow hits the adder!
You kill the adder!
You feel sick. The hobgoblin completely misses you.
Jessica gestures at you while chanting. Pain shoots through your body!
Your Ranged Weapons skill increases to level 7!
You shoot an arrow. The arrow hits Jessica.
Jessica is moderately wounded.
You feel sick. Jessica hits you with a +0 club. The hobgoblin misses you.
You shoot an arrow. The arrow hits Jessica!
Jessica is almost dead.
You feel sick.
You are no longer poisoned.
Jessica casts a spell at you. Pain shoots through your body!
The hobgoblin hits you. Jessica casts a spell at you.
You feel yourself slow down.
530 ||| READING scroll of teleportation.
As you read the scroll of teleportation, it crumbles to dust.
You feel strangely unstable. Jessica hits you with a +0 club.
The hobgoblin barely misses you. Jessica gestures at you while chanting.
Pain shoots through your body!
Ouch! That really hurt!
You die...

.....# .....#
.....# ######
.....# .....
.....#
#...#######.$...#
##..#.....#@r...#
#...)..<..@gK..#
#..#.#...#.#...#
#. #..._...# ...#
# #.<...<.# ....
#...#...# ###
##.....## ###.###
... ...


You could see Jessica (fast), a hobgoblin, a kobold and a rat.

Vanquished Creatures
  An adder (D:2)
  A dart slug (D:1)
  3 bats (D:1)
  An endoplasm (D:1)
  4 hobgoblins (D:1)
  3 jackals (D:1)
  4 ball pythons (D:1)
  A frilled lizard (D:1)
  7 kobolds (D:1)
  5 rats (D:1)
30 creatures vanquished.

Notes
Turn   | Place    | Note
-------+----------+-------------------------------------------
     0 | D:1      | qw the Deep Elf Hunter began the quest for the Orb.
     0 | D:1      | Reached XP level 1. HP: 12/12 MP: 3/3
     0 | D:1      | 0 ||| qw: Version: 0.3-a-9-g12657ce
     0 | D:1      | 0 ||| qw: Game counter: 2645
     0 | D:1      | 0 ||| qw: Always use a shield: true
     0 | D:1      | 0 ||| qw: God list: Okawaru
     0 | D:1      | 0 ||| qw: Allow faded altars: false
     0 | D:1      | 0 ||| qw: Do Orc after D:15 true
     0 | D:1      | 0 ||| qw: Do second Lair branch before Depths: true
     0 | D:1      | 0 ||| qw: Lair rune preference: random
     0 | D:1      | 0 ||| qw: Plans: Normal
     0 | D:1      | 0 ||| PLANNING D:1-11
    75 | D:1      | Reached XP level 2. HP: 16/16 MP: 4/4
    77 | D:1      | Reached skill level 6 in Ranged Weapons
   238 | D:1      | Reached XP level 3. HP: 20/20 MP: 5/5
   466 | D:1      | 466 ||| UPGRADING to +2 pair of gloves.
   471 | D:1      | 471 ||| DROPPING +1 pair of gloves.
   472 | D:1      | 472 ||| UPGRADING to +0 pair of boots.
   477 | D:1      | 477 ||| UPGRADING to ring of see invisible.
   478 | D:1      | 478 ||| READING 4 scrolls labelled ULOUDE ENLU.
   479 | D:1      | 479 ||| READING 2 scrolls labelled ZAOMO DOLECOEL.
   483 | D:1      | 483 ||| READING 3 scrolls of identify.
   483 | D:1      | 483 ||| IDENTIFYING sapphire potion
   484 | D:1      | 484 ||| DROPPING scroll of butterflies.
   485 | D:1      | 485 ||| DROPPING potion of magic.
   510 | D:2      | Found a faded altar of an unknown god.
   513 | D:2      | Identified the +5 mace "Ziys" {flame, Int+3}
   522 | D:2      | Noticed Jessica
   528 | D:2      | Reached skill level 7 in Ranged Weapons
   529 | D:2      | HP: 5/20 [Jessica/nerve-wracking pain (1)]
   530 | D:2      | 530 ||| READING scroll of teleportation.
   530 | D:2      | HP: 2/20 [Jessica/+0 club (1)]
   530 | D:2      | Killed from afar by Jessica

Levels and vault maps discovered:
D:1:      saegor_arrival_simple_a, layout_rooms
D:2:      layout_rooms, nicolae_ecumenical_pavilion, basic_altar,
          cheibrodos_gnoll_hut, uniq_jessica

Skill      XL: |  1  2  3 |
---------------+----------+-----
Ranged Weapons | 6 7 |  7.0
Fighting       | |  1.5
Dodging        | |  2.4
Stealth        | |  1.2

Action                     || total
---------------------------++-------
   Fire: Shortbow          ||    72
    Use: Scroll            ||     4
 Armour: Leather armour    ||     6
  Dodge: Dodged            ||    32

Table legend:
 A = Non-vault XP
 B = Vault XP
 C = Vault XP percentage of total XP
 D = Non-vault monster count
 E = Vault monster count
 F = Vault count percentage of total count
                 A         B        C        D         E       F
            +---------+---------+-------+---------+---------+-------
      Total |      63 |       0 |   0.0 |      30 |       0 |   0.0
            +---------+---------+-------+---------+---------+-------
        D:1 |      50 |       0 |   0.0 |      29 |       0 |   0.0
        D:2 |      13 |       0 |   0.0 |       1 |       0 |   0.0
            +---------+---------+-------+---------+---------+-------
